 Dungeon Crawl Stone Soup version 0.28-a0-1286-g6bde065e89 (webtiles) character file.

Game seed: 11501391826558438528

214 Gwenloh the Skirmisher (level 5, -1/43 HPs)
             Began as a Mummy Cinder Acolyte on Dec 26, 2021.
             Was an Elder of Ignis.
             Killed by divine providence
             ... invoked by an orc priest
              (12 damage)
             ... on level 3 of the Dungeon.
             The game lasted 00:09:22 (3567 turns).

Gwenloh the Skirmisher (Mummy Cinder Acolyte)       Turns: 3567, Time: 00:09:23

Health: -1/43      AC:  9    Str: 18    XL:     5   Next: 60%
Magic:  2/10       EV: 11    Int: 15    God:    Ignis [****..]
Gold:   165        SH:  0    Dex:  7    Spells: 9/11 levels left

rFire   + . .      SeeInvis .   o - staff of fire
rCold   + . .      Faith    .   (no shield)
rNeg    + + +      Spirit   .   b - +0 robe rPois āˆž Reflect .
                                (no helmet)
rElec   .          Harm     .   (no cloak)
rCorr   .          Rampage  .   (no gloves)
Will    .....                   (no boots)
Stlth   +.........              (no amulet)
HPRegen 0.14/turn               (no ring)
MPRegen 0.12/turn               (no ring)

@: fiery-armoured
A: cold resistance 1, negative energy resistance 3, torment resistance 2, heat
vulnerability 1, no potions
a: Renounce Religion, Fiery Armour, Foxfire Swarm, Rising Flame


You were on level 3 of the Dungeon.
You worshipped Ignis.
Ignis was greatly pleased with you.
You visited 1 branch of the dungeon, and saw 3 of its levels.
You also visited: Sewer.

You collected 165 gold pieces.

Inventory:

Hand Weapons
 a - a -1 mace of flaming
Armour
 b - a +0 robe (worn)
 c - a +0 leather armour
Magical Staves
 o - a staff of fire (weapon)
Wands
 n - a wand of paralysis (11)
Scrolls
 d - 2 scrolls of teleportation {unknown}
 e - 3 scrolls of identify {unknown}
 f - 2 scrolls of torment {unknown}
 g - 2 scrolls of fog {unknown}
 h - 2 scrolls of noise {unknown}
 i - a scroll of holy word {unknown}
 j - a scroll of magic mapping {unknown}
 k - a scroll of vulnerability {unknown}
 l - a scroll of summoning {unknown}
 m - 2 scrolls of amnesia {unknown}
 p - a scroll of fear {unknown}
 q - a scroll of acquirement {unknown}


   Skills:
 * Level 4.3 Fighting
 - Level 2.9(3.0) Maces & Flails
 + Level 1.0(2.1) Staves
 * Level 3.9 Spellcasting
 + Level 3.0 Fire Magic


You had 9 spell levels left.
You knew the following spells:

 Your Spells              Type           Power      Damage    Failure   Level
a - Scorch                Fire           36%        2d7       8%          2

Your spell library contained the following spells:

 Spells                   Type           Power      Damage    Failure   Level


Dungeon Overview and Level Annotations

Branches:
Dungeon (3/15)              Sewer (visited)

Altars:

Shops:
D:1 [


Innate Abilities, Weirdness & Mutations

You are immune to poison.
Your flesh is cold resistant. (rC+)
You are immune to negative energy. (rN+++)
You are immune to unholy pain and torment.
You are vulnerable to heat. (rF-)
You do not drink.


Message History

You kill the orc!
An orc priest comes into view. It is wielding a +0 short sword.
A protective cloak of flame settles atop you.
The orc hits you with a +0 club.
The orc is burned by your cloak of flames.
The orc is severely wounded.
You hit the orc.
You kill the orc!
You hit the orc priest but do no damage.
The orc priest calls down the wrath of Beogh upon you.
Beogh smites you!
You hit the orc priest but do no damage.
You burn the orc priest.
The orc priest is lightly wounded.
The orc priest barely misses you.
Your magical contamination has completely faded away.
You hit the orc priest.
The orc priest is heavily wounded.
The orc priest barely misses you.
You hit the orc priest.
The orc priest is severely wounded.
The orc priest hits you with a +0 whip.
The orc priest is burned by your cloak of flames.
The orc priest is severely wounded.
You hit the orc priest.
The orc priest is severely wounded.
The orc priest hits you but does no damage.
The orc priest is burned by your cloak of flames.
The orc priest is almost dead.
You barely miss the orc priest.
The orc priest is almost dead.
The orc priest mumbles some strange prayers to Beogh against you.
Beogh smites you!
* * * LOW HITPOINT WARNING * * *
Unknown command.
You hit the orc priest.
You kill the orc priest!
The orc priest mumbles some strange prayers to Beogh against you.
Beogh smites you!
You die...

..)...##...##..........#####
......##...##...Pā‰ˆā‰ˆP......#
............#....P...#....#
#############.......+##...# #
#...āŒ ..## ##..# . ####
#.#.....###..## .
.....#.##.....#..##
.....#.##.##....## .......
#@####### .......##o#
...o..o.o.# ..o..###### ... #


You could see an orc priest and an orc.

Vanquished Creatures
  An orc priest (D:3)
  A hell rat (Sewer)
  4 gnolls (D:3)
  A howler monkey skeleton (D:3)
  5 adders
  2 river rats (Sewer)
  2 worms (D:2)
  A dart slug (D:3)
  6 orcs (D:3)
  4 ball pythons
  7 endoplasms
  A giant cockroach (D:1)
  4 goblins
  5 hobgoblins
  3 jackals (D:2)
  3 quokkas
  6 bats
  7 frilled lizards
  12 rats
75 creatures vanquished.

Notes
Turn   | Place    | Note
-------+----------+-------------------------------------------
     0 | D:1      | Gwenloh the Mummy Cinder Acolyte began the quest for the
                  | Orb.
     0 | D:1      | Reached XP level 1. HP: 18/18 MP: 2/2
   312 | D:1      | Reached XP level 2. HP: 22/24 MP: 4/4
   345 | D:1      | Learned a level 2 spell: Scorch
   791 | D:1      | Found Bohex's Antique Armour Shop.
  1167 | D:2      | Reached XP level 3. HP: 17/29 MP: 2/6
  1795 | D:2      | Reached XP level 4. HP: 37/37 MP: 5/8
  2561 | D:3      | Found a faded altar of an unknown god.
  2599 | D:3      | Reached skill level 4 in Fighting
  2799 | D:3      | Reached XP level 5. HP: 42/42 MP: 5/10
  2950 | D:3      | Found a glowing drain.
  2975 | Sewer    | Entered a sewer
  3160 | Sewer    | Reached skill level 1 in Staves
  3567 | D:3      | Killed from afar by an orc priest

Illustrated notes

Levels and vault maps discovered:
D:1:      onia_arrival_handbag, layout_basic, serial_shops, shop,
          minmay_lizard_pond
D:2:      layout_basic
D:3:      cheibrodos_pilgrimage, layout_basic, tso_oasis_becter,
          portal_sewer_entry_d, basic_ecumenical_altar

Skill      XL: |  1  2  3  4  5 |
---------------+----------------+-----
Spellcasting   | 2 3 |  3.9
Fighting       | 4 |  4.3
Staves         | 1 |  1.0
Fire Magic     | 3 |  3.0
Maces & Flails | |  2.9

Action                   |  1- 3 |  4- 6 || total
-------------------------+-------+-------++-------
Melee: Mace              |    52 |    11 ||    63
       Staff             |       |    47 ||    47
 Cast: Scorch            |    22 |    35 ||    57
Invok: Fiery Armour      |     2 |     2 ||     4
Armor: Robe              |    11 |     9 ||    20
Dodge: Dodged            |    49 |    29 ||    78

Table legend: (Time is in decaauts)
 A = Elapsed time spent in this place.
 B = Non-inter-level travel time spent in this place.
 C = Inter-level travel time spent in this place.
 D = Time resting spent in this place.
 E = Time spent auto-exploring this place.
 F = Levels seen in this place.
 G = Mean time per level.
                   A        B        C        D        E       F      G
               +--------+--------+--------+--------+--------+-----+--------+
         Total |   3612 |   3573 |     39 |    428 |   2577 |   4 |  903.0 |
       Dungeon |   3225 |   3186 |     39 |    169 |   2577 |   3 | 1075.0 |
         Sewer |    387 |    387 |      0 |    259 |      0 |   1 |  387.0 |
               +--------+--------+--------+--------+--------+-----+--------+

Top non-repeatable levels by time:
     D:2: 1388 daAuts
     D:1: 1147 daAuts
     D:3: 688 daAuts
   Sewer: 387 daAuts
